 Dungeon Crawl Stone Soup version 0.23.2-1-ga50397a (webtiles) character file.

Game seed: 11045742520754132574

1221 Aske the Cutter (level 8, 0/68 HPs)
             Began as a Ghoul Monk on Apr 26, 2019.
             Was a Believer of Ashenzari.
             Slain by an orc warrior
             ... wielding a +0 scimitar
              (21 damage)
             ... on level 6 of the Dungeon.
             The game lasted 00:12:32 (5583 turns).

Aske the Cutter (Ghoul Monk)                        Turns: 5583, Time: 00:12:33

Health: 0/68       AC:  8    Str: 15    XL:     8   Next: 47%
Magic:  7/7        EV: 11    Int:  5    God:    Ashenzari [**....]
Gold:   329        SH:  0    Dex: 13    Spells: 7/7 levels left

rFire    . . .     SeeInvis .   a - +1 rapier (curse)
rCold    + . .     Gourm    .   (no shield)
rNeg     + + +     Faith    +   i - +1 scale mail (curse)
rPois    ∞         Spirit   .   (no helmet)
rElec    .         Reflect  .   (no cloak)
rCorr    .         Harm     .   (no gloves)
MR       +....                  (no boots)
Stlth    +.........             u - amulet of faith (curse)
HPRegen  0.00/turn              y - ring of protection from magic (curse)
MPRegen  0.10/turn              (no ring)

@: rotting
A: rotting body, claws 1, carnivore, cold resistance 1, negative energy
resistance 3, inhibited regeneration, torment resistance, unbreathing
a: Curse Item, Scrying, Renounce Religion


You were on level 6 of the Dungeon.
You worshipped Ashenzari.
Ashenzari was pleased with you.
You were not hungry.

You visited 1 branch of the dungeon, and saw 7 of its levels.

You collected 383 gold pieces.
You spent 54 gold pieces at shops.

Inventory:

Hand Weapons
 a - a cursed +1 rapier (weapon)
Armour
 i - a cursed +1 scale mail (worn)
Jewellery
 b - an uncursed ring of fire
 f - an uncursed ring of magical power
 u - a cursed amulet of faith (around neck)
 y - a cursed ring of protection from magic (left claw)
Wands
 l - a wand of flame (8)
Scrolls
 d - a scroll of magic mapping
 e - 4 scrolls of remove curse
 g - a scroll of enchant armour
 h - 7 scrolls of teleportation
 o - 2 scrolls of amnesia
Potions
 j - 3 potions of brilliance
 k - a potion of resistance {unknown}
 s - a potion of haste
 t - a potion of might
 x - a potion of magic
Comestibles
 c - 6 rations
 m - 2 chunks of flesh


   Skills:
 + Level 5.0 Fighting
 + Level 6.4(8.7) Short Blades
 + Level 4.7 Armour
 + Level 4.2 Dodging
 + Level 2.7 Stealth
 + Level 0.3(0.8) Evocations


You had 7 spell levels left.
You didn't know any spells.
Your spell library contained the following spells:

 Spells                   Type           Power        Failure   Level  Hunger
 Sticks to Snakes         Tmut           #.......     95%         2    ###....
 Beastly Appendage        Tmut           Unusable     N/A         1    N/A
 Spider Form              Tmut/Pois      Unusable     N/A         3    N/A
 Ice Form                 Ice/Tmut       Unusable     N/A         4    N/A
 Blade Hands              Tmut           Unusable     N/A         5    N/A

Dungeon Overview and Level Annotations

Branches:
Dungeon (7/15)
 Temple: D:4-7

Altars:
Ashenzari
Elyvilon
Gozag
Nemelex Xobeh
Okawaru
Qazlal
Trog
Vehumet
Yredelemnul
Zin

Shops:
D:4 *   D:5 [


Innate Abilities, Weirdness & Mutations

Your body is rotting away.
You thrive on raw meat.
You are immune to poison.
You have sharp fingernails.
You are carnivorous and can eat meat at any time.
Your flesh is cold resistant. (rC+)
You are immune to negative energy. (rN+++)
You do not regenerate when monsters are visible.
You are immune to unholy pain and torment.
You can survive without breathing.


Message History

The puff of flame hits the orc warrior.
The orc warrior is moderately wounded.
The orc warrior barely misses you.
Evoke which item? (* to show all) (? for menu, Esc to quit)
Aiming: Throw Flame
Press: ? - help, Shift-Dir - straight line, f/p - orc warrior
Aim: an orc warrior, wielding a +0 scimitar and wearing a +0 chain mail (moderately wounded)
The puff of flame hits the orc warrior.
The orc warrior is heavily wounded.
The orc warrior hits you with a +0 scimitar!!
* * * LOW HITPOINT WARNING * * *
Okay, then.
Eat one of 2 chunks of flesh? (ye/n/q)
Okay, then.
You feel better.
The orc warrior hits you with a +0 scimitar.
You barely miss the orc warrior.
The orc warrior is moderately wounded.
The orc warrior hits you with a +0 scimitar!!
You die...

##......................###...##
##......................##...##
........................##...#
........................#...##
##......................#...#
........................#...#####
..............................'..
.....<...................>.####..
................@..........# #..
##..........)...o..........# #..
#.........................# #..
#.........................# #..
#.........................####..
#.........................#.....
#.........................#.....
#.........................#.....
#.........(...............######


You could see an orc warrior.

Vanquished Creatures
  2 sky beasts
  An orc warrior (D:6)
  2 ogres (D:6)
  A gnoll sergeant (D:5)
  A howler monkey (D:5)
  2 crimson imps
  2 hounds (D:5)
  An orc priest (D:6)
  A jelly (D:5)
  A centaur skeleton (D:6)
  4 orc wizards
  3 worker ants
  A worker ant zombie (D:5)
  A howler monkey skeleton (D:6)
  6 adders
  7 gnolls
  2 shadow imps (D:6)
  An ooze (D:3)
  3 worms
  5 dart slugs
  6 leopard geckos
  5 orcs
  11 bats
  8 giant cockroaches
  3 goblins (D:3)
  9 hobgoblins
  11 jackals
  10 kobolds
  2 quokkas (D:2)
  3 frilled lizards
  A quokka zombie (D:6)
  20 rats
136 creatures vanquished.

Notes
Turn   | Place    | Note
-------+----------+-------------------------------------------
     0 | D:1      | Aske the Ghoul Monk began the quest for the Orb.
     0 | D:1      | Reached XP level 1. HP: 19/19 MP: 0/0
    52 | D:1      | Reached XP level 2. HP: 21/26 MP: 1/1
   153 | D:1      | Reached skill level 3 in Short Blades
   227 | D:1      | Reached XP level 3. HP: 13/31 MP: 2/2
   929 | D:2      | Reached XP level 4. HP: 27/40 MP: 3/3
  1102 | D:2      | Found a sparkling altar of Nemelex Xobeh.
  1286 | D:2      | Reached skill level 1 in Armour
  1763 | D:3      | Found a radiant altar of Vehumet.
  1884 | D:2      | Reached XP level 5. HP: 22/45 MP: 4/4
  2010 | D:3      | Found a white marble altar of Elyvilon.
  2475 | D:3      | Found an opulent altar of Gozag.
  2668 | D:4      | Found Veghits's Assorted Antiques.
  2675 | D:4      | Bought 3 scrolls labeled RURCHO POLAEN for 54 gold pieces
  2905 | D:4      | Found a glowing silver altar of Zin.
  3059 | D:4      | Reached skill level 4 in Short Blades
  3088 | D:4      | Reached XP level 6. HP: 35/52 MP: 5/5
  3314 | D:4      | Found a shattered altar of Ashenzari.
  3315 | D:4      | Found a bloodstained altar of Trog.
  3321 | D:4      | Became a worshipper of Ashenzari the Shackled
  3321 | D:4      | Reached * piety under Ashenzari
  3321 | D:4      | Reached ** piety under Ashenzari
  3433 | D:5      | Entered Level 5 of the Dungeon
  3560 | D:5      | Found a basalt altar of Yredelemnul.
  4099 | D:5      | Noticed a sky beast
  4103 | D:5      | Killed a sky beast
  4103 | D:5      | Reached XP level 7. HP: 58/58 MP: 6/6
  4121 | D:5      | Reached skill level 5 in Short Blades
  4137 | D:5      | Found Fuet Ser's Armour Boutique.
  4910 | D:6      | Reached XP level 8. HP: 67/67 MP: 7/7
  4955 | D:6      | Found an iron altar of Okawaru.
  5017 | D:6      | Found an iron altar of Okawaru.
  5044 | D:6      | Reached skill level 6 in Short Blades
  5239 | D:6      | Found a stormy altar of Qazlal.
  5460 | D:6      | Reached skill level 5 in Fighting
  5583 | D:6      | Slain by an orc warrior

Skill      XL: |  1  2  3  4  5  6  7  8 |
---------------+-------------------------+-----
Dodging        | 3 4 |  4.2
Short Blades   | 3 4 5 6 |  6.4
Armour         | 1 2 3 4 |  4.7
Fighting       | 4 5 |  5.0
Stealth        | |  2.7
Evocations     | |  0.3

Action                   |  1- 3 |  4- 6 |  7- 9 || total
-------------------------+-------+-------+-------++-------
Melee: Short sword       |   171 |   378 |    73 ||   622
       Rapier            |       |       |   104 ||   104
Invok: Curse Item        |       |     1 |     3 ||     4
Evoke: Wand              |       |     2 |     7 ||     9
  Use: Potion            |       |     1 |     3 ||     4
       Scroll            |       |     8 |     8 ||    16
 Stab: Sleeping          |     1 |       |       ||     1
       Invisible         |       |       |     1 ||     1
  Eat: Chunk             |    10 |    22 |    11 ||    43
Armor: Robe              |     9 |       |       ||     9
       Scale mail        |    47 |   175 |    43 ||   265
Dodge: Dodged            |   122 |   171 |    75 ||   368
